 Dungeon Crawl Stone Soup version 0.29-a0-1009-g60c99734e7 (webtiles) character file.

Game seed: 6713969328345605563

207 xian the Gusty (level 5, -4/40 HPs)
             Began as a Draconian Air Elementalist on Aug 9, 2022.
             Killed by nerve-wracking pain
             ... invoked by an orc priest
              (6 damage)
             ... on level 4 of the Dungeon.
             The game lasted 00:09:29 (4319 turns).

xian the Gusty (Draconian Air Elementalist)         Turns: 4319, Time: 00:09:29

Health: -4/40      AC:  7    Str: 10    XL:     5   Next: 54%
Magic:  18/18      EV: 10    Int: 17    God:
Gold:   47         SH:  9    Dex: 12    Spells: 7/10 levels left

rFire   . . .      SeeInvis .   k - +0 war axe (pain)
rCold   . . .      Faith    .   c - +2 kite shield
rNeg    . . .      Spirit   .   (body armour unavailable)
rPois   .          Reflect  .   (helmet restricted)
rElec   .          Harm     .   e - +1 cloak
rCorr   .          Rampage  .   (no gloves)
Will    .....                   (no boots)
Stlth   ++........              m - amulet of magic regeneration
HPRegen 0.13/turn               l - ring of magical power
MPRegen 0.56/turn               (no ring)

@: very slightly contaminated
A: AC +5, unfitting armour, cold-blooded
a: no special abilities


You were on level 4 of the Dungeon.
You visited 1 branch of the dungeon, and saw 4 of its levels.

You collected 191 gold pieces.
You spent 144 gold pieces at shops.

Inventory:

Hand Weapons
 k - a +0 war axe of pain (weapon)
Armour
 c - a +2 kite shield (worn)
 e - a +1 cloak (worn)
Jewellery
 l - a ring of magical power (left hand)
 m - an amulet of magic regeneration (around neck)
 n - an amulet of regeneration
 p - an amulet of reflection
Scrolls
 d - a scroll of poison
 j - a scroll of blinking
 o - a scroll of teleportation
Potions
 a - a potion of magic
 b - a potion of heal wounds {unknown}
 f - a potion of flight {unknown}
 h - 2 potions of mutation {unknown}
 i - a potion of resistance {unknown}


   Skills:
 * Level 1.5 Fighting
 + Level 2.0 Axes
 + Level 2.1 Dodging
 + Level 2.0 Stealth
 * Level 1.5 Shields
 * Level 3.0 Spellcasting
 * Level 2.4 Conjurations
 + Level 3.5 Air Magic


You had 7 spell levels left.
You knew the following spells:

 Your Spells              Type           Power      Damage    Failure   Level
a - Shock                 Conj/Air       48%        1d6       17%         1
b - Static Discharge      Conj/Air       12%        3-5/arc   26%         2

Your spell library contained the following spells:

 Spells                   Type           Power      Damage    Failure   Level
 Swiftness                Air            14%        N/A       38%         3
 Necrotise                Necr           8%         1d4       50%         1
 Airstrike                Air            7%         2d(1-17)  80%         4
 Vampiric Draining        Necr           2%         2d6       86%         3
 Agony                    Necr           2%         N/A       100%        5


Dungeon Overview and Level Annotations

Branches:
Dungeon (4/15)
 Temple: D:4-7

Altars:

Shops:
D:3 *


Innate Abilities, Weirdness & Mutations

Your plain brown scales are hard. (AC +5)
You cannot fit into any form of body armour.
You are cold-blooded and may be slowed by cold attacks.


Message History

The zap hits the orc.
You kill the orc!
The zap hits the orc wizard.
The orc wizard is heavily wounded.
The zap hits the orc priest.
The orc priest is heavily wounded.
The orc priest mumbles some strange prayers to Beogh against you.
Beogh smites you! You block the orc's attack.
You miscast Shock.
Nothing appears to happen.
The orc hits you with a +0 whip.
Unknown command.
The zap hits the orc.
You kill the orc!
The zap hits the orc wizard.
The orc wizard is almost dead.
The zap hits the orc priest.
The orc priest is severely wounded.
Unknown command.
The zap hits the orc wizard.
You kill the orc wizard!
The zap hits the orc priest.
The orc priest is severely wounded.
Your Axes skill increases to level 2!
Your Spellcasting skill increases to level 3!
Items here: )) [ †.
You barely miss the orc priest.
Your tail-slap misses the orc priest.
The orc priest is severely wounded.
The orc priest hits you but does no damage.
The orc priest calls down the wrath of Beogh upon you.
Pain shoots through your body!
You hit the orc priest. You tail-slap the orc priest.
The orc priest is almost dead.
The orc priest invokes the aid of Beogh against you.
Beogh smites you!
* * * LOW HITPOINT WARNING * * *
You hit the orc priest but do no damage.
The orc priest is almost dead.
The orc priest hits you but does no damage.
The orc priest mumbles some strange prayers to Beogh against you.
Pain shoots through your body!
You die...

#.#.##.# #+#
#.#....# #.#
#.###### #.# #.#
##.## #.#
######...#######.#
..?..............#
#####.....########
#......@..#
..###.#o### #.#.#
# #.# #.# #.# #.#
#.#


You could see an orc priest.

Vanquished Creatures
  A phantom (D:4)
  An orc wizard (D:4)
  3 adders
  A white imp (D:3)
  2 dart slugs
  5 orcs
  3 bats
  3 endoplasms
  6 giant cockroaches
  6 hobgoblins
  8 jackals
  4 quokkas
  5 ball pythons
  5 frilled lizards
  5 goblins
  2 kobolds
  6 rats
66 creatures vanquished.

Notes
Turn   | Place    | Note
-------+----------+-------------------------------------------
     0 | D:1      | xian the Draconian Air Elementalist began the quest for the
                  | Orb.
     0 | D:1      | Reached XP level 1. HP: 14/14 MP: 3/3
   586 | D:1      | Reached XP level 2. HP: 8/20 MP: 5/5
   786 | D:1      | Learned a level 2 spell: Static Discharge
  1839 | D:2      | Reached XP level 3. HP: 27/27 MP: 2/6
  3475 | D:3      | Reached XP level 4. HP: 29/34 MP: 8/8
  3564 | D:3      | Found a faded altar of an unknown god.
  3582 | D:3      | Reached skill level 1 in Axes
  3736 | D:3      | Found Fietz's Assorted Antiques.
  3746 | D:3      | Bought a scroll labelled SIEMEI ANNIEFA for 24 gold pieces
  3746 | D:3      | Bought a small platinum amulet for 120 gold pieces
  4096 | D:4      | Reached skill level 1 in Fighting
  4166 | D:4      | Noticed a phantom
  4179 | D:4      | Killed a phantom
  4180 | D:4      | Reached skill level 1 in Shields
  4180 | D:4      | Reached XP level 5. HP: 31/40 MP: 9/9
  4318 | D:4      | HP: 1/40 [orc priest/divine providence (15)]
  4319 | D:4      | Killed from afar by an orc priest

Illustrated notes

Levels and vault maps discovered:
D:1:      elethiomel_arrival_infinity_welcomes_careful_drivers, layout_basic
D:2:      layout_basic
D:3:      layout_loops_corners, serial_shops, shop, basic_ecumenical_altar
D:4:      layout_loops_corners

Skill      XL: |  1  2  3  4  5 |
---------------+----------------+-----
Conjurations   | 2 |  2.4
Axes           | 1 2 |  2.0
Fighting       | 1 |  1.5
Dodging        | 2 |  2.1
Stealth        | 2 |  2.0
Shields        | 1 |  1.5
Spellcasting   | 3 |  3.0
Air Magic      | |  3.5

Action                   |  1- 3 |  4- 6 || total
-------------------------+-------+-------++-------
Melee: Unarmed           |    33 |       ||    33
       Short sword       |    33 |       ||    33
       Tailslap          |     8 |     7 ||    15
       War axe           |    29 |    72 ||   101
 Cast: Shock             |    88 |    12 ||   100
       Static Discharge  |       |     2 ||     2
  Use: Scroll            |       |     4 ||     4
 Stab: Sleeping          |       |     1 ||     1
Armor: Skin              |    38 |    36 ||    74
Dodge: Dodged            |    62 |    44 ||   106
Block: Kite shield       |    55 |    52 ||   107

Table legend: (Time is in decaauts)
 A = Elapsed time spent in this place.
 B = Non-inter-level travel time spent in this place.
 C = Inter-level travel time spent in this place.
 D = Time resting spent in this place.
 E = Time spent auto-exploring this place.
 F = Levels seen in this place.
 G = Mean time per level.
                   A        B        C        D        E       F      G
               +--------+--------+--------+--------+--------+-----+--------+
         Total |   4398 |   4343 |     55 |    237 |   3325 |   4 | 1099.5 |
       Dungeon |   4398 |   4343 |     55 |    237 |   3325 |   4 | 1099.5 |
               +--------+--------+--------+--------+--------+-----+--------+

Top non-repeatable levels by time:
     D:1: 1534 daAuts
     D:2: 1337 daAuts
     D:3: 1164 daAuts
     D:4: 361 daAuts
